 Dungeon Crawl Stone Soup version 0.31-a0-803-g95b03c3367 (webtiles) character file.

Game seed: 10913502837409212441

84 Dirtsage the Trooper (level 4, -1/35 HPs)
             Began as a Demonspawn Fighter on Sept 21, 2023.
             Killed by nerve-wracking pain
             ... invoked by an orc priest
              (14 damage)
             ... on level 2 of the Dungeon.
             The game lasted 00:02:41 (1545 turns).

Dirtsage the Trooper (Demonspawn Fighter)           Turns: 1545, Time: 00:02:43

Health: -1/35      AC:  6    Str: 18    XL:     4   Next: 24%
Magic:  4/4        EV:  9    Int: 10    God:
Gold:   78         SH:  4    Dex: 12    Spells: 3/3 levels left

rFire   . .          .
                       - Unarmed
rCold   . . .        c - +0 buckler
rNeg    . . .        b - +0 scale mail
rPois   .            (no helmet)
rElec   .            (no cloak)
rCorr   .            (no gloves)
SInv    .            (no boots)
Will    .....        (no amulet) Stlth
                     (no ring)
HPRegen 0.25/turn    (no ring)
MPRegen 0.18/turn

%: no passive effects
@: mighty
A: claws 1, magic regeneration
a: no special abilities


You were on level 2 of the Dungeon.
You visited 1 branch of the dungeon, and saw 3 of its levels.

You collected 78 gold pieces.

Inventory:

Hand Weapons
 a - a +0 war axe
Armour
 b - a +0 scale mail (worn)
 c - a +0 buckler (worn)
Jewellery
 p - a +6 ring of intelligence
Scrolls
 f - a scroll of poison {unknown}
 g - a scroll of revelation {unknown}
 i - 2 scrolls of fear {unknown}
 k - a scroll of fog {unknown}
 l - 3 scrolls of identify {unknown}
 n - a scroll of enchant armour {unknown}
Potions
 e - a potion of degeneration {unknown}
 h - 2 potions of mutation {unknown}
 j - a potion of enlightenment {unknown}
 m - a potion of curing {unknown}
 o - a potion of heal wounds {unknown}
 q - a potion of brilliance {unknown}


   Skills:
 + Level 3.1 Fighting
 - Level 2.6 Axes
 - Level 2.6 Armour
 - Level 2.6 Shields
 * Level 2.8 Unarmed Combat


You had 3 spell levels left.
You didn't know any spells.
Your spell library contained the following spells:

 Spells                   Type           Power      Damage    Failure   Level
 Apportation              Tloc           0%         N/A       83%         1
 Magic Dart               Conj           0%         1d3       83%         1
 Necrotise                Necr           0%         1d4       83%         1
 Summon Small Mammal      Summ           0%         N/A       83%         1
 Call Imp                 Summ           0%         N/A       93%         2
 Ensorcelled Hibernation  Hex/Ice        0%         N/A       93%         2
 Jinxbite                 Hex            0%         N/A       93%         2
 Sublimation of Blood     Necr           0%         N/A       93%         2
 Mephitic Cloud           Conj/Pois/Air  0%         N/A       99%         3
 Anguish                  Hex/Necr       0%         N/A       100%        4
 Petrify                  Tmut/Erth      0%         N/A       100%        4
 Irradiate                Conj/Tmut      0%         3d11      100%        5


Dungeon Overview and Level Annotations

Branches:
Dungeon (3/15)

Altars:
Qazlal


Innate Abilities, Weirdness & Mutations

You have sharp fingernails.
You regenerate magic rapidly.


Message History

There is a stone staircase leading down here.
You take 9 damage, and have 20/29 hp.
MASSIVE DAMAGE!!
You feel very mighty all of a sudden.
The orc priest invokes the aid of Beogh against you.
Pain shoots through your body! The orc completely misses you.
The orc priest looks braver for a moment.
You take 5 damage, and have 15/29 hp.
You barely miss the orc priest. The orc priest barely misses you.
The orc hits you but does no damage.
The orc priest looks satisfied for a moment.
You barely miss the orc priest. You claw the orc priest!
The orc priest is severely wounded.
The orc priest hits you with a +0 mace. The orc barely misses you.
The orc priest hits you with a +0 mace.
You take 3 damage, and have 12/29 hp.
You claw the orc priest!
You kill the orc priest!
The orc barely misses you.
The orc priest calls down the wrath of Beogh upon you.
You barely resist.
You have reached level 4!
You feel clever.
You regained 2 hp, and now have 14/35 hp.
MP restored: 4 You claw the orc priest!
The orc priest is almost dead.
The orc hits you with a +0 whip.
The orc priest hits you but does no damage.
You block the orc's attack. The orc priest hits you with a +0 mace.
You take 1 damage, and have 13/35 hp.
You barely miss the orc priest.
The orc priest is almost dead.
The orc hits you but does no damage. The orc priest barely misses you.
You barely miss the orc priest.
The orc priest is almost dead.
The orc hits you but does no damage.
The orc priest calls down the wrath of Beogh upon you.
Pain shoots through your body!
You die...

#.#####.#####.# #.......#
#.##.......##.# #.#####.#
#.##<##.##.##.# #.#####.####
#.##.##.......# #.##.......#
#.............###.##.##.##.#
####.###..........##.##.##.#
#.# #.....#######.##.[#.#
#.# #.....#######)###.#.#
#.######....@o.##.###.#.#
##.....##...).o.##.......#
#...............######.###
#.#.##.##.......##...#.#
#.#.##<##.........###..#
#.#....##.......#.#....#
#.#.##.##.#..####.#.#.##
#.#.##.........##....##
#.........#.#..##.#.##


You could see an orc priest and an orc.

Vanquished Creatures
  An orc priest (D:2)
  An adder (D:2)
  3 worms (D:2)
  3 dart slugs
  A ball python (D:1)
  2 endoplasms
  5 giant cockroaches
  3 goblins
  A hobgoblin (D:1)
  2 jackals (D:1)
  2 kobolds
  A quokka (D:1)
  4 bats
  A rat (D:1)
30 creatures vanquished.

Notes
Turn   | Place    | Note
-------+----------+-------------------------------------------
     0 | D:1      | Dirtsage the Demonspawn Fighter began the quest for the
                  | Orb.
     0 | D:1      | Reached XP level 1. HP: 18/18 MP: 1/1
   232 | D:1      | Gained mutation: You have sharp fingernails. [demonic
                  | ancestry]
   232 | D:1      | Reached XP level 2. HP: 24/24 MP: 2/2
   584 | D:1      | Reached skill level 1 in Unarmed Combat
   859 | D:2      | Gained mutation: You regenerate magic rapidly. [demonic
                  | ancestry]
   859 | D:2      | Reached XP level 3. HP: 27/29 MP: 3/3
  1066 | D:2      | Found a stormy altar of Qazlal.
  1543 | D:2      | Reached XP level 4. HP: 14/35 MP: 4/4
  1545 | D:2      | Killed from afar by an orc priest

Illustrated notes

Levels and vault maps discovered:
D:1:      psy_arrival_terrarium, layout_basic, nicolae_twisty_statue_hallways
D:2:      layout_loops_cross, basic_altar
D:3:      layout_basic, nicolae_kikubaaqudgha_miasma_corner, minmay_checkerbox,
          uniq_robin

Skill      XL: |  1  2  3 |
---------------+----------+-----
Axes           | 2 |  2.6
Unarmed Combat | 1 2 |  2.8
Fighting       | |  3.1
Armour         | |  2.6
Shields        | |  2.6

Action                     |  1- 3 |  4- 6 || total
---------------------------+-------+-------++-------
  Melee: War axe           |    33 |       ||    33
         Unarmed           |    65 |     3 ||    68
    Use: Potion            |     1 |       ||     1
 Armour: Scale mail        |    57 |     5 ||    62
  Dodge: Dodged            |    36 |     1 ||    37
  Block: Buckler           |    16 |     1 ||    17

Table legend: (Time is in decaauts)
 A = Elapsed time spent in this place.
 B = Non-inter-level travel time spent in this place.
 C = Inter-level travel time spent in this place.
 D = Time resting spent in this place.
 E = Time spent auto-exploring this place.
 F = Levels seen in this place.
 G = Mean time per level.
                   A        B        C        D        E       F      G
               +--------+--------+--------+--------+--------+-----+--------+
         Total |   1559 |   1481 |     78 |      0 |   1268 |   3 |  519.7 |
       Dungeon |   1559 |   1481 |     78 |      0 |   1268 |   3 |  519.7 |
               +--------+--------+--------+--------+--------+-----+--------+

Top non-repeatable levels by time:
     D:2: 783 daAuts
     D:1: 773 daAuts
     D:3: 1 daAuts
